Map: Ice and Chrome LE

Players

boy

  • Race: Zerg Zerg
  • League: Diamond
  • Spawn Location: 7:00

meeK - Winner!

  • Race: Protoss Protoss
  • League: Diamond
  • Spawn Location: 1:00

VOD

Have the link to the VOD?

Description

Time

  • Played on: June 27, 2020, 3:46 p.m.
  • Length: 21:05
Show
View Real Time Build Order
Export as new Build Order

boy Zerg 

Build Orders: Hatch First 

Get SALT Encoding   

  12  0:02  Drone  
  13  0:12  Overlord  
  13  0:16  Drone  
  14  0:30  Drone x2  
  16  0:45  Drone  
  17  0:52  Hatchery  
  17  0:56  Drone  
  17  0:59  Drone  
  18  1:11  Extractor  
  17  1:16  Spawning Pool  
  16  1:18  Drone  
  16  1:22  Drone  
  18  1:38  Drone  
  19  1:43  Drone  
  20  1:53  Overlord  
  20  2:04  Queen x2  
  20  2:05  Drone  
  20  2:06  Drone  
  26  2:16  Drone x2  
  26  2:20  Metabolic Boost  
  28  2:23  Zergling x2  
  28  2:26  Zergling x2  
  30  2:34  Overlord  
  30  2:41  Queen  
  32  2:44  Queen  
  32  2:48  Drone x2  
  36  3:02  Extractor  
  35  3:07  Drone x2  
  35  3:08  Drone x2  
  39  3:13  Hatchery  
  37  3:25  Drone x5  
  41  3:34  Overlord x2  
  41  3:43  Overlord  
  41  3:46  Zergling x2  
  42  3:54  Spore Crawler, Drone  
  42  3:55  Drone  
  43  3:57  Spore Crawler, Zergling x2  
  43  3:58  Zergling x4  
  45  4:08  Overlord  
  42  4:24  Drone x4  
  42  4:31  Overlord x2  
  46  4:34  Drone x4  
  50  4:42  Overlord  
  50  4:46  Drone x3  
  52  5:04  Zergling x2  
  52  5:05  Zergling x8  
  56  5:10  Drone x9  
  64  5:17  Overlord  
  64  5:20  Lair  
  62  5:24  Roach Warren  
  62  5:26  Zergling x6  
  62  5:28  Hatchery, Zergling x2  
  64  5:31  Hatchery  
  64  5:33  Overlord  
  63  5:38  Drone x2  
  63  5:39  Extractor, Drone  
  63  5:41  Drone x3  
  68  5:43  Drone x3  
  68  5:45  Extractor  
  68  5:47  Extractor  
  68  5:48  Drone x2  
  68  5:49  Drone  
  72  5:52  Overlord  
  72  5:54  Drone x2  
  74  6:00  Drone  
  74  6:04  Drone x2  
  77  6:09  Evolution Chamber x2  
  58  6:20  Queen x2  
  61  6:25  Spore Crawler  
  61  6:32  Drone x7  
  61  6:42  Drone x5  
  66  6:49  Spore Crawler  
  66  6:51  Spore Crawler  
  66  6:52  Spire  
  63  6:55  Queen, Drone  
  63  6:56  Drone x3  
  69  7:01  Spore Crawler  
  69  7:04  Zerg Missile Weapons Level 1  
  69  7:06  Zerg Ground Armor Level 1  
  68  7:10  Drone x2  
  68  7:13  Drone x3  
  68  7:14  Drone  
  74  7:18  Queen  
  74  7:22  Queen  
  78  7:39  Extractor, Drone  
  78  7:40  Drone x2, Hatchery  
  78  7:41  Extractor, Drone x3  
  78  7:52  Drone x2  
  78  7:53  Drone  
  78  7:54  Drone x2  
  78  7:55  Drone  
  80  7:59  Drone  
  81  8:09  Overlord  
  81  8:16  Mutalisk x9  
  81  8:18  Spore Crawler x2, Mutalisk  
  99  8:20  Mutalisk  
  101  8:35  Drone x2  
  103  8:44  Spore Crawler  
  103  8:46  Spore Crawler  
  101  8:53  Hydralisk Den  
  100  8:56  Infestation Pit  
  100  8:57  Overlord x2  
  100  8:58  Drone x14  
  100  8:59  Drone x3  
  116  9:07  Overlord x2  
  108  9:45  Extractor, Drone  
  104  9:46  Extractor, Drone x3  
  104  9:47  Drone x3  
  104  9:50  Zerg Flyer Armor Level 1  
  99  9:53  Spire  
  99  9:54  Corruptor  
  99  9:55  Corruptor x10  
  99  9:56  Corruptor  
  122  10:15  Corruptor  
  122  10:16  Corruptor x2  
  124  10:45  Corruptor  
  124  10:46  Corruptor x6  
  118  11:05  Corruptor x2  
  118  11:06  Corruptor x2  
  118  11:11  Overlord x3  
  126  11:12  Overlord  
  126  11:17  Queen x3  
  126  11:18  Queen  
  134  11:21  Hatchery  
  135  11:27  Zergling x2  
  135  11:28  Zergling x28  
  150  11:34  Zerg Melee Weapons Level 1  
  150  11:35  Zerg Flyer Weapons Level 1  
  148  11:40  Hive  
  148  11:44  Zerg Flyer Armor Level 2  
  143  11:57  Hydralisk x3  
  143  11:58  Hydralisk x9  
  152  12:11  Zergling x2  
  152  12:12  Zergling x44  
  152  12:13  Zergling x2  
  158  12:17  Hydralisk  
  158  12:18  Zergling x2, Hydralisk  
  132  12:33  Zergling x2  
  132  12:34  Zergling x22  
  129  12:56  Drone x3  
  129  12:57  Drone x7  
  129  12:58  Drone  
  140  13:04  Hatchery  
  137  13:12  Drone x9  
  144  13:21  Queen  
  144  13:22  Queen  
  148  13:31  Extractor  
  148  13:32  Drone  
  148  13:33  Extractor, Drone  
  148  13:39  Corruptor x3  
  154  13:41  Corruptor  
  156  14:03  Corruptor x6  
  168  14:20  Zerg Flyer Armor Level 3, Zerg Flyer Weapons Level 2  
  168  14:21  Zerg Missile Weapons Level 2  
  168  14:40  Corruptor x9  
  185  14:56  Zergling x26  
  185  14:57  Zergling x4  
  193  15:35  Overseer x2  
  189  15:43  Overseer  
  189  15:45  Overseer  
  189  15:46  Overseer x3  
  177  15:56  Corruptor x13  
  144  16:19  Hydralisk x9  
  144  16:20  Hydralisk x6  
  144  16:23  Zergling x2  
  144  16:24  Zergling x18  
  138  16:48  Hatchery  
  103  16:55  Hydralisk x10  
  103  17:00  Zergling x8  
  113  17:06  Hydralisk x2  
  115  17:15  Hydralisk x3  
  115  17:16  Hydralisk  
  115  17:34  Hydralisk x7  
  113  17:40  Hydralisk  
  113  17:41  Hydralisk  
  115  17:48  Hydralisk  
  115  17:49  Hydralisk x2  
  119  17:56  Viper x2  
  125  18:00  Hydralisk x2  
  108  18:23  Hydralisk x7  
  114  18:32  Hydralisk  
  114  18:33  Hydralisk x2  
  112  18:49  Hydralisk x4  
  112  18:50  Hydralisk  
  92  19:04  Hydralisk x3  
  84  19:10  Queen  
  84  19:39  Extractor  
  84  19:42  Extractor  
  84  19:43  Zergling x16  
  84  19:44  Zergling x8  
  94  20:01  Hatchery  
  93  20:12  Hydralisk  
  93  20:13  Hydralisk x4  
  103  20:16  Viper  
  103  20:18  Viper  
  102  20:35  Hydralisk x5  
  109  20:47  Roach Warren  
Show
View Real Time Build Order
Export as new Build Order

meeK Protoss - Winner!

Build Orders: 1 Gate Expand, Oracle Opening, Phoenix Opening, Carriers 

Get SALT Encoding   

  12  0:01  Probe  
  13  0:13  Probe  
  14  0:18  Pylon  
  14  0:21  Probe  
  15  0:32  Probe  
  15  0:39  Gateway  
  16  0:43  Probe  
  17  0:53  Assimilator  
  17  0:56  Probe  
  18  1:09  Probe  
  19  1:22  Nexus  
  19  1:32  Cybernetics Core  
  19  1:35  Probe  
  20  1:42  Zealot  
  22  1:49  Assimilator  
  22  1:54  Probe  
  22  1:55  Pylon  
  23  2:03  Adept  
  23  2:09  Probe  
  26  2:20  Gateway  
  26  2:30  Stargate  
  26  2:34  Probe  
  26  2:35  Probe  
  28  2:39  Warp Gate  
  28  2:43  Probe  
  28  2:44  Adept  
  31  2:51  Probe  
  31  2:54  Probe  
  33  3:11  Oracle  
  33  3:14  Probe x2  
  36  3:35  Probe x2  
  36  3:36  Shield Battery  
  36  3:39  Phoenix  
  36  3:40  Assimilator  
  38  3:44  Pylon, Assimilator  
  38  3:47  Probe x2  
  42  3:59  Probe x2  
  44  4:04  Pylon  
  44  4:08  Stargate  
  44  4:11  Probe x2  
  46  4:22  Oracle  
  49  4:26  Probe x2  
  51  4:35  Twilight Council  
  51  4:36  Forge  
  51  4:39  Gateway  
  51  4:54  Pylon  
  51  4:55  Pylon  
  51  5:00  Adept  
  51  5:01  Adept  
  51  5:02  Oracle x2  
  60  5:08  Probe x2  
  60  5:26  Nexus  
  60  5:30  Pylon  
  60  5:31  Pylon  
  60  5:42  Fleet Beacon  
  60  5:43  Probe  
  60  5:45  Probe  
  62  5:53  Pylon  
  62  5:58  Void Ray  
  62  6:01  Probe  
  62  6:03  Probe  
  68  6:08  Void Ray  
  68  6:15  Adept  
  68  6:16  Sentry  
  76  6:31  Carrier  
  76  6:35  Probe  
  76  6:39  Probe  
  78  6:44  Probe  
  84  6:47  Forge, Shield Battery  
  84  6:49  Shield Battery  
  84  6:51  Pylon  
  84  6:52  Protoss Air Weapons Level 1  
  85  6:55  Pylon  
  85  6:58  Pylon  
  85  6:59  Probe, Mothership  
  85  7:00  Probe  
  87  7:02  Carrier  
  87  7:14  Probe  
  87  7:15  Probe  
  95  7:17  Probe  
  104  7:34  Photon Cannon  
  104  7:38  Photon Cannon  
  104  7:42  Photon Cannon  
  92  7:59  Probe x2  
  92  8:05  Carrier  
  94  8:06  Photon Cannon  
  94  8:08  Photon Cannon  
  94  8:09  Photon Cannon  
  94  8:11  Shield Battery  
  100  8:23  Photon Cannon  
  100  8:28  Carrier  
  100  8:30  Assimilator  
  100  8:35  Assimilator  
  100  8:38  Templar Archives  
  100  8:41  Protoss Air Weapons Level 2, Gateway, Probe  
  106  8:42  Probe  
  108  9:03  Adept x3  
  108  9:05  Psionic Storm  
  107  9:23  Phoenix  
  104  9:26  Stalker x3  
  112  9:32  Phoenix  
  112  9:37  Photon Cannon  
  108  9:40  Photon Cannon  
  108  9:41  Photon Cannon  
  108  9:44  Pylon  
  108  9:46  Pylon  
  108  9:56  Carrier  
  114  10:00  Probe x2  
  116  10:07  Photon Cannon  
  116  10:08  Probe  
  116  10:11  Zealot  
  119  10:25  Carrier  
  119  10:27  High Templar x2  
  113  10:58  High Templar  
  113  11:00  Void Ray  
  113  11:01  High Templar  
  121  11:05  Archon  
  121  11:08  Zealot  
  123  11:14  Gateway  
  123  11:16  Gateway  
  123  11:29  Void Ray  
  127  11:36  Probe x3  
  130  11:40  Gateway  
  130  11:43  Void Ray  
  134  11:56  Nexus  
  120  12:11  Archon  
  120  12:12  Void Ray  
  117  12:18  Void Ray  
  78  12:43  Adept  
  80  12:44  Adept  
  80  12:45  Void Ray  
  80  12:55  Adept  
  84  12:58  Void Ray  
  88  13:12  Zealot, Mothership  
  90  13:14  Probe  
  90  13:17  Probe x2  
  93  13:24  Void Ray  
  93  13:28  Probe  
  93  13:29  Probe  
  93  13:32  Probe  
  93  13:33  Probe  
  109  13:53  High Templar x2  
  109  13:55  High Templar  
  115  14:06  High Templar  
  117  14:10  High Templar, Probe  
  117  14:13  Probe x2  
  122  14:25  Probe  
  122  14:29  Archon  
  122  14:30  Carrier  
  123  14:35  Adept  
  128  14:48  Pylon  
  128  14:49  Pylon  
  128  14:54  Pylon  
  128  14:56  Pylon  
  128  15:00  Void Ray  
  128  15:02  High Templar  
  130  15:13  Zealot  
  136  15:19  Pylon  
  134  15:31  Adept  
  134  15:32  Adept x2  
  140  15:52  Carrier  
  140  15:55  Probe x2  
  148  15:59  Sentry  
  124  16:20  Archon x2  
  122  16:25  Carrier  
  92  17:11  Carrier  
  94  17:20  Carrier  
  90  17:54  High Templar  
  90  17:55  Zealot  
  94  17:58  Zealot  
  92  18:15  Void Ray  
  96  18:23  Void Ray  
  98  18:44  High Templar  
  98  18:45  Zealot  
  98  18:58  Void Ray  
  98  19:01  Carrier  
  88  19:24  High Templar x2  
  88  19:30  Zealot x2  
  88  19:31  Zealot  
  92  19:54  Adept  
  101  20:45  Archon  
Tags
 
Add a new tag
Caveats
  • Supply blocks, unpowered buildings, or Contaminate may cause inaccurate times.
  • Supply counts are checked every 10 seconds.